 Dungeon Crawl Stone Soup version 0.25.0-33-gff14898491 (console) character file.

Game seed: 16592435214004078938

680 Kagalorn the Covert (level 7, -3/41 HPs)
             Began as an Octopode Wizard on July 6, 2020.
             Slain by Blork the orc
             ... wielding a +3 morningstar of holy wrath
              (9 damage)
             ... on level 4 of the Dungeon.
             The game lasted 00:13:01 (6328 turns).

Kagalorn the Covert (Octopode Wizard)               Turns: 6328, Time: 00:13:01

Health: -3/41      AC:  1    Str:  6    XL:     7   Next: 60%
Magic:  14/14      EV: 13    Int: 23    God:
Gold:   162        SH:  5    Dex: 10    Spells: 12/15 levels left

rFire    . . .     SeeInvis .   (no weapon)
rCold    . . .     Gourm    .   (no shield)
rNeg     . . .     Faith    .   a - +0 hat
rPois    .         Spirit   .   m - amulet of reflection
rElec    .         Reflect  +   h - ring of protection from magic
rCorr    .         Harm     .   n - ring of stealth
MR       +....                  (no ring)
Stlth    ++++++....             (no ring)
HPRegen  0.13/turn              (no ring)
MPRegen  0.14/turn              (no ring)
                                (no ring)
                                (no ring)

@: no status effects
A: almost no armour, stealthy swim, amphibious, 8 rings, constrict 8, camouflage
1, gelatinous body 1
a: no special abilities


You were on level 4 of the Dungeon.
You were near starving.

You visited 1 branch of the dungeon, and saw 4 of its levels.
You also visited: Sewer.

You collected 162 gold pieces.

Inventory:

Missiles
 e - 145 stones
 g - 8 boomerangs
 i - 7 poisoned darts (quivered)
 q - 19 sling bullets
 t - 31 bolts
Armour
 a - a +0 hat (worn)
Jewellery
 h - a ring of protection from magic (left tentacle)
 m - an amulet of reflection (around mantle)
 n - a ring of stealth (right tentacle)
Scrolls
 b - a scroll of enchant armour {unknown}
 d - 8 scrolls of teleportation
 f - 2 scrolls of fear {unknown}
 l - a scroll of noise {unknown}
 o - a scroll of amnesia {unknown}
 u - 2 scrolls of blinking {unknown}
 x - a scroll of random uselessness {unknown}
Potions
 j - 2 potions of heal wounds
 k - 3 potions of curing
 p - 3 potions of ambrosia {unknown}
 r - 2 potions of haste {unknown}
 s - a potion of flight
 v - a potion of mutation
 w - a potion of magic
 A - a potion of berserk rage {unknown}
Comestibles
 c - 2 rations


   Skills:
 - Level 2.0 Dodging
 * Level 8.6 Stealth
 + Level 4.7 Spellcasting
 - Level 4.0 Conjurations
   Level 1.0 Summonings
 - Level 1.0 Translocations


You had 12 spell levels left.
You knew the following spells:

 Your Spells              Type           Power        Failure   Level  Hunger
a - Magic Dart            Conj           ###.         1%          1    None
g - Blink                 Tloc           N/A          10%         2    None

Your spell library contained the following spells:

 Spells                   Type           Power        Failure   Level  Hunger
 Corona                   Hex            #......      10%         1    None
 Call Imp                 Summ           ##......     10%         2    None
 Conjure Flame            Conj/Fire      ##......     13%         3    ##.....
 Dazzling Flash           Conj/Hex       ##....       13%         3    ##.....
 Ensorcelled Hibernation  Hex/Ice        #.....       14%         2    None
 Slow                     Hex            #.......     14%         2    None
 Mephitic Cloud           Conj/Pois/Air  ##......     17%         3    ##.....
 Confusing Touch          Hex            #.......     28%         3    ##.....
 Tukima's Dance           Hex            #.......     28%         3    ##.....


Dungeon Overview and Level Annotations

Branches:
Dungeon (4/15)              Sewer (visited)
 Temple: D:4-7

Altars:
Elyvilon
Ru
Trog

Annotations:
D:3 Grinder, Natasha
D:4 Blork the orc


Innate Abilities, Weirdness & Mutations

You cannot wear most types of armour.
You are very stealthy in the water. (Stealth+)
You are amphibious.
You can wear up to eight rings at the same time.
You can use your tentacles to constrict eight enemies at once.
Your skin changes colour to match your surroundings (Stealth+).
Your rubbery body absorbs attacks. (AC +1, EV +1)


Message History

You tentacle-slap Blork the orc. Your grab misses Blork the orc.
Blork the orc is heavily wounded.
Blork the orc barely misses you. Blork the orc misses you.
You tentacle-slap Blork the orc. You grab Blork the orc.
Blork the orc is severely wounded.
You constrict Blork the orc. You block Blork the orc's attack.
You tentacle-slap Blork the orc but do no damage.
Blork the orc is severely wounded.
You constrict Blork the orc, but do no damage.
You block Blork the orc's attack.
You tentacle-slap Blork the orc but do no damage.
Blork the orc is severely wounded.
You constrict Blork the orc, but do no damage.
Blork the orc screams, "I'll eat your brain!
And then I'll vomit it back up!"
You block Blork the orc's attack.
You tentacle-slap Blork the orc.
Blork the orc is severely wounded.
You constrict Blork the orc.
Blork the orc hits you with a +3 morningstar of holy wrath!
You die...

#....#####.#.# # #.#.##
#.#.###################
##.#.#
#.#.....)..............
...#.#
#.#####################
.###.# #...# ####### #....#
###.# #...... .##..# #.#
#.##### ###..# #.###### #.#
###..### #.#.@o.# #.#
.......# #.#.##.# #.#
.#####.# #.#. #.# #.# .# #.#
#.#. #.########.##### .# #.#
###.#(##..............# .#
#.####o...#.................
.#####.....
..#.##..#####.#.#.#.#
..........###.#.##..#
#.#.#.#.#
###.######.#..#.##..#
#.#.#.#.#


You could see Blork the orc (fast, poisoned).

Vanquished Creatures
  4 big kobolds
  A hound (D:4)
  4 orc wizards
  2 worker ants (D:4)
  A hound skeleton (D:4)
  2 river rats (Sewer)
  6 adders
  An ooze (D:4)
  5 worms (Sewer)
  A dart slug (D:2)
  2 leopard geckos
  11 orcs
  2 ball pythons (Sewer)
  6 bats
  7 giant cockroaches
  5 goblins
  7 hobgoblins
  3 jackals (D:4)
  17 kobolds
  3 quokkas
  4 frilled lizards
  8 rats
102 creatures vanquished.

Notes
Turn   | Place    | Note
-------+----------+-------------------------------------------
     0 | D:1      | Kagalorn the Octopode Wizard began the quest for the Orb.
     0 | D:1      | Reached XP level 1. HP: 11/11 MP: 4/4
   153 | D:1      | Reached skill level 3 in Stealth
   219 | D:1      | Reached XP level 2. HP: 17/17 MP: 0/6
  1109 | D:2      | Reached XP level 3. HP: 16/21 MP: 1/7
  1501 | D:2      | Found a bloodstained altar of Trog.
  1624 | D:2      | Reached skill level 4 in Stealth
  2069 | D:2      | Reached XP level 4. HP: 24/27 MP: 0/9
  2079 | D:2      | Learned a level 2 spell: Blink
  2782 | D:3      | Noticed Grinder
  2808 | D:3      | Noticed Natasha
  3017 | D:3      | Reached XP level 5. HP: 31/31 MP: 5/10
  3028 | D:3      | Reached skill level 5 in Stealth
  3037 | D:3      | Found a glowing drain.
  3055 | Sewer    | Entered a sewer
  3179 | Sewer    | Noticed a big kobold
  3236 | Sewer    | Killed a big kobold
  3615 | Sewer    | Noticed a big kobold
  3855 | Sewer    | Killed a big kobold
  3855 | Sewer    | Reached skill level 6 in Stealth
  3855 | Sewer    | Reached XP level 6. HP: 36/36 MP: 0/11
  4539 | D:3      | Found a sacrificial altar of Ru.
  4746 | D:4      | Reached skill level 7 in Stealth
  4746 | D:4      | Reached XP level 7. HP: 24/41 MP: 10/13
  4842 | D:4      | Found a white marble altar of Elyvilon.
  4943 | D:4      | Noticed Blork the orc
  5363 | D:4      | Reached skill level 8 in Stealth
  6328 | D:4      | Slain by Blork the orc

Illustrated notes

Levels and vault maps discovered:
D:1:      scummos_arrival_hexagon, layout_basic
D:2:      layout_loops_corners, lemuel_round_altar, serial_glass,
          glass_columns_a, glass_columns_a, glass_columns_a, glass_columns_a,
          glass_columns_a, glass_columns_c, minmay_pentomino_t2
D:3:      layout_basic, portal_sewer_entry_a, nicolae_ru_the_path_less_chosen,
          uniq_natasha, uniq_grinder
D:4:      layout_loops_ring, kennysheep_mini_moat, first_ration,
          uniq_blork_the_orc

Skill      XL: |  1  2  3  4  5  6  7 |
---------------+----------------------+-----
Stealth        | 3 4 6 7 8 |  8.6
Conjurations   | 2 3 4 |  4.0
Spellcasting   | 4 |  4.7
Dodging        | |  2.0
Summonings     | |  1.0
Translocations | |  1.0

Action                   |  1- 3 |  4- 6 |  7- 9 || total
-------------------------+-------+-------+-------++-------
Melee: Unarmed           |    17 |   132 |    29 ||   178
       Constrict         |     4 |    30 |     6 ||    40
       Tentacles         |     4 |    20 |     2 ||    26
Throw: Dart              |       |    14 |    11 ||    25
 Cast: Magic Dart        |    78 |    93 |    77 ||   248
  Use: Scroll            |       |     4 |       ||     4
       Potion            |       |       |     2 ||     2
 Stab: Sleeping          |     2 |     3 |       ||     5
  Eat: Chunk             |     2 |     5 |     1 ||     8
       Ration            |       |     1 |     1 ||     2
Armor: Skin              |     3 |     8 |     4 ||    15
Dodge: Dodged            |    15 |    55 |    34 ||   104
Block: Other             |     4 |    25 |    15 ||    44
       Reflection        |       |     1 |     1 ||     2
